 Dungeon Crawl Stone Soup version 0.19-a0-981-gaae9137 (webtiles) character file.

32160 HAL9000 the Martial Artist (level 13, -2/111 HPs)
             Began as a Mottled Draconian Transmuter on July 14, 2016.
             Was a High Priest of Cheibriados.
             Slain by a harpy (10 damage)
             ... summoned by Kirke
             ... on level 5 of the Lair of Beasts.
             The game lasted 00:41:19 (15385 turns).

HAL9000 the Martial Artist (DrTm)                  Turns: 15385, Time: 00:41:19

Health: -2/111     AC: 11    Str: 25    XL:     13   Next: 29%
Magic:  5/20       EV: 20    Int: 29    God:    Cheibriados [*****.]
Gold:   1095       SH:  0    Dex: 25    Spells: 5 memorised, 2 levels left

rFire  . . .     SeeInvis .       - Unarmed
rCold  + . .     Gourm    .     (armour unavailable)
rNeg   + . .     Faith    +     (no shield)
rPois  .         Spirit   .     I - +0 hat {MR+}
rElec  .         Dismiss  .     l - +1 cloak
rCorr  .         Reflect  .     x - +0 pair of gloves
SustAt .         Harm     .     (no boots)
MR     +....                    y - amulet of faith
Stlth  ++........               A - ring of positive energy
                                t - ring of protection from cold

@: about to teleport, very slow, somewhat resistant to hostile enchantments,
unstealthy
A: breathe sticky flame splash, unfitting armour, cold-blooded, AC +8
a: Breathe Sticky Flame, Bend Time, Temporal Distortion, Slouch, Step From Time,
Renounce Religion


You were on level 5 of the Lair of Beasts.
You worshipped Cheibriados.
Cheibriados was extremely pleased with you.
You were near starving.

You visited 3 branches of the dungeon, and saw 15 of its levels.

You collected 1095 gold pieces.

Inventory:

Missiles
 a - 45 arrows
Armour
 l - a +1 cloak (worn)
 r - a +0 buckler
 x - a +0 pair of gloves (worn)
 I - a +0 hat of magic resistance (worn)
Magical Staves
 B - an uncursed staff of death
Jewellery
 t - a ring of protection from cold (left hand)
 u - an uncursed ring of stealth
 y - an amulet of faith (around neck)
 z - an uncursed ring of magical power
 A - a ring of positive energy (right hand)
 L - an uncursed ring of flight
Wands
 v - a wand of lightning (4/15)
 E - a wand of lightning (6/15)
 H - a wand of disintegration (18/24)
 K - a wand of confusion (30/48)
 N - a wand of polymorph (12/24)
 P - a wand of paralysis (15/24)
 R - a wand of confusion (38/48)
 W - a wand of confusion (18/48)
 X - a wand of paralysis (12/24)
Scrolls
 f - 3 scrolls of recharging
 k - 6 scrolls of teleportation
 o - a scroll of identify
 p - 2 scrolls of magic mapping
 q - 5 scrolls of remove curse
 C - a scroll of brand weapon
 D - 2 scrolls of enchant weapon
 S - 2 scrolls of amnesia
Potions
 h - 4 potions of curing
 j - 3 potions of cure mutation
 n - a potion of heal wounds
 s - 5 potions of resistance
 G - 2 potions of brilliance
 J - 2 potions of cancellation
 M - a potion of agility
 O - 2 potions of flight
Books
 b - a book of Changes

   Spells                             Type                      Level
   a - Beastly Appendage              Transmutation                1
   b - Sticks to Snakes               Transmutation                2
   c - Spider Form                    Transmutation/Poison         3
   d - Ice Form                       Ice/Transmutation            4
   e - Blade Hands                    Transmutation                5
 V - a book of Enchantments

   Spells                             Type                      Level
   a - Cause Fear                     Hexes                        4
   b - Yara's Violent Unravelling     Hexes/Transmutation          5
   c - Silence                        Hexes/Air                    5
   d - Deflect Missiles               Charms/Air                   6
   e - Haste                          Charms                       6
   f - Discord                        Hexes                        8
Miscellaneous
 Y - a box of beasts
 Z - a phantom mirror
Comestibles
 c - 13 bread rations
 m - 2 beef jerkies
 w - 3 meat rations
 F - 9 royal jellies
 T - a fruit


   Skills:
 - Level 9.1 Fighting
 - Level 7.8 Dodging
 - Level 12.4 Unarmed Combat
 - Level 3.9 Spellcasting
 - Level 12.4 Transmutations
 + Level 9.5 Invocations


You had 2 spell levels left.
You knew the following spells:

 Your Spells              Type           Power        Failure   Level  Hunger
a - Beastly Appendage     Tmut           ######       1%          1    None
b - Sticks to Snakes      Tmut           ######..     1%          2    None
c - Spider Form           Tmut/Pois      #####.....   1%          3    ##.....
d - Blade Hands           Tmut           ######....   1%          5    #####..
e - Deflect Missiles      Chrm/Air       #.........   100%        6    #######


Dungeon Overview and Level Annotations

Branches:
Dungeon (9/15)             Temple (1/1) D:5            Lair (5/6) D:9
  Swamp (0/4) Lair:2        Snake (0/4) Lair:3          Orc (0/2) D:9
  Slime: Lair:5-6

Altars:
Ashenzari
Cheibriados
Dithmenos
Elyvilon
Fedhas
Gozag
Hepliaklqana
Kikubaaqudgha
Makhleb
Nemelex Xobeh
Okawaru
Pakellas
Qazlal
Ru
Sif Muna
Trog
Uskayaw
Vehumet
Xom
Yredelemnul
Zin
The Shining One

Shops:
D:4 %   D:9 %

Annotations:
Lair:5 Kirke


Innate Abilities, Weirdness & Mutations

You can spit globs of burning liquid.
You can ignite nearby creatures when you spit burning liquid.
Your weird mottled scales are hard. (AC +8)
Your body does not fit into most forms of armour.
You are cold-blooded and may be slowed by cold attacks.


Message History

Something summons some harpies!
Unknown command.
The harpy misses you. The harpy closely misses you. The harpy claws you!
* * * LOW HITPOINT WARNING * * *
The harpy closely misses you. The harpy barely misses you. x2
As you read the scroll of teleportation, it crumbles to dust.
You feel strangely unstable.
Your hands revert to their normal proportions.
Your +0 pair of gloves unmelds from your body.
The harpy closely misses you. The harpy misses you.
The harpy closely misses you. The harpy misses you.
Unknown command.
You punch the harpy!
You tail-slap the harpy, but do no damage.
The harpy is heavily wounded.
The harpy closely misses you. The harpy claws you!
* * * LOW HITPOINT WARNING * * *
The harpy claws you!
You die...

..+............#.....####.#P#....
.P#............##.♣.#####.###P...
..###.###..♣...###..##....#.#P...
...##.#......##............##P...
...#........#..........P...##....
.......♣...##........+...........
.#........###.........##....#....
.P........#.#.#..#..PP###P.##....
.P.....###.#...#@....P#.#..P.#...
.....###Y......HH....P...........
..............†..................
?...........†....................
..........Y......................
#.#.......†.#.####......#####.P..
.#.#.#.....##.#.#......#.######..
##..#...{.##......#.....#..#.#...
..........#............#.....###.


You could see an elephant and 2 harpies.

Vanquished Creatures
  Harold (Lair:1)
  2 death yaks (Lair:5)
  The ghost of Rainbowgamer28 the Cruncher, a novice DsWn of Ru (D:9)
  7 elephants
  Psyche (D:9)
  3 black mambas
  A torpor snail (Lair:2)
  15 spiny frogs
  2 rime drakes
  6 komodo dragons
  A queen bee (D:9)
  12 blink frogs
  A boulder beetle (Lair:5)
  Sigmund (D:3)
  5 spriggans (Lair:1)
  4 hogs (Lair:5)
  A wraith (D:7)
  3 basilisks
  4 yaks
  2 hungry ghosts
  Grum (D:9)
  7 hippogriffs
  4 wargs (D:9)
  3 nagas (Lair:3)
  7 water moccasins
  5 porcupines
  2 orc warriors
  An ice beast (D:5)
  2 black bears
  A necrophage (D:9)
  2 phantoms
  5 ogres
  8 crocodiles
  14 wolves
  2 centaurs
  A wyvern zombie (D:9)
  An elf zombie (D:7)
  12 giant frogs
  3 scorpions
  A water moccasin skeleton (D:8)
  17 killer bees
  2 wights (D:7)
  6 howler monkeys
  A jelly (D:8)
  5 electric eels (Lair:4)
  3 crimson imps
  4 human zombies (D:7)
  2 quasits
  4 centaur zombies
  5 orc priests
  A giant frog zombie (D:5)
  7 hounds
  10 orc wizards
  A human skeleton (D:7)
  5 iguanas
  8 worker ants
  16 sheep
  2 hound zombies
  2 mummies (D:7)
  A howler monkey zombie (D:5)
  A worker ant zombie (D:4)
  34 river rats
  3 adders
  3 gnolls (D:8)
  A shadow imp (D:5)
  2 oozes (D:2)
  An adder zombie (D:7)
  An adder skeleton (D:6)
  4 giant geckos
  24 orcs
  2 ball pythons
  6 bats (D:1)
  6 giant cockroaches
  6 goblins
  4 hobgoblins
  7 jackals
  7 quokkas
  3 giant newts
  A jackal zombie (D:6)
  5 kobolds
  An orc zombie (D:7)
  5 rats
  5 plants (Lair:4)
389 creatures vanquished.

Vanquished Creatures (collateral kills)
  Gastronok (Lair:2)
  A catoblepas (Lair:2)
  A black mamba (Lair:2)
  A spiny frog (Lair:2)
  A komodo dragon (Lair:5)
  Prince Ribbit (D:6)
  A wraith (D:9)
  2 yaks (Lair:5)
  A water moccasin (Lair:5)
  A porcupine (Lair:4)
  3 orc warriors
  A necrophage (D:9)
  An ogre (D:9)
  A wolf (Lair:2)
  2 centaurs
  A big kobold (D:4)
  2 crimson imps
  3 orc priests
  A hound (D:7)
  An iguana (Lair:1)
  An orc wizard (D:7)
  3 river rats (Lair:2)
  A worm (D:2)
  2 orcs
34 creatures vanquished.

Vanquished Creatures (others)
  16 fungi
  8 plants
24 creatures vanquished.

Grand Total: 447 creatures vanquished

Notes
Turn   | Place    | Note
-------+----------+-------------------------------------------
     0 | D:1      | HAL9000 the Draconian Transmuter began the quest for the Orb.
     0 | D:1      | Reached XP level 1. HP: 16/16 MP: 3/3
   129 | D:1      | Reached XP level 2. HP: 19/23 MP: 0/5
   138 | D:1      | Learned a level 2 spell: Sticks to Snakes
   715 | D:2      | Reached XP level 3. HP: 28/28 MP: 4/6
   751 | D:2      | Learned a level 3 spell: Spider Form
   908 | D:2      | Found a faded altar of an unknown god.
  1237 | D:3      | Noticed Sigmund
  1267 | D:3      | Killed Sigmund
  1267 | D:3      | Reached XP level 4. HP: 7/35 MP: 0/7
  1267 | D:3      | Reached XP level 5. HP: 9/40 MP: 0/8
  1947 | D:3      | Found a sparkling altar of Nemelex Xobeh.
  2203 | D:4      | Noticed an ogre
  2216 | D:4      | Killed an ogre
  2216 | D:4      | Reached skill level 5 in Unarmed Combat
  2216 | D:4      | Reached XP level 6. HP: 47/47 MP: 1/9
  2360 | D:4      | Found an oddly glowing altar of Pakellas.
  2407 | D:4      | Found Cujaolan's Food Shop.
  2433 | D:4      | Reached skill level 5 in Transmutations
  3035 | D:5      | Entered Level 5 of the Dungeon
  3035 | D:5      | Found a staircase to the Ecumenical Temple.
  3044 | D:5      | Your scales start taking on a weird mottled colour.
  3044 | D:5      | Reached XP level 7. HP: 46/52 MP: 3/10
  3056 | Temple   | Entered the Ecumenical Temple
  3358 | Temple   | Became a worshipper of Cheibriados the Contemplative
  3666 | D:5      | Noticed a hungry ghost
  3694 | D:5      | Killed a hungry ghost
  4008 | D:5      | Got an ichor-stained halberd
  4506 | D:6      | Reached XP level 8. HP: 62/62 MP: 3/11
  4517 | D:6      | Noticed Prince Ribbit
  4530 | D:6      | Killed Prince Ribbit
  4720 | D:6      | Reached * piety under Cheibriados
  4743 | D:6      | Learned a level 5 spell: Blade Hands
  5231 | D:6      | Reached ** piety under Cheibriados
  5411 | D:7      | Reached XP level 9. HP: 70/70 MP: 12/12
  5855 | D:7      | Found a basalt altar of Yredelemnul.
  6148 | D:7      | Reached *** piety under Cheibriados
  6241 | D:7      | Found an iron altar of Okawaru.
  6512 | D:8      | Reached skill level 10 in Unarmed Combat
  6655 | D:8      | Reached **** piety under Cheibriados
  6675 | D:8      | Reached skill level 10 in Transmutations
  6818 | D:8      | Reached XP level 10. HP: 69/77 MP: 13/13
  7228 | D:9      | Found a staircase to the Orcish Mines.
  7237 | D:9      | Reached skill level 1 in Invocations
  7480 | D:9      | Found Laufyor's Food Emporium.
  7491 | D:9      | Found a hide-covered altar of Uskayaw.
  7494 | D:9      | Reached ***** piety under Cheibriados
  7496 | D:9      | Noticed a hand axe
  7497 | D:9      | Noticed a hand axe
  7517 | D:9      | Found a bloodstained altar of Trog.
  7571 | D:9      | Noticed Psyche
  7965 | D:9      | Found a staircase to the Lair.
  7971 | D:9      | Killed Psyche
  7973 | D:9      | Noticed Grum
  7975 | D:9      | Killed Grum
  8142 | D:9      | Noticed Rainbowgamer28's ghost (novice DsWn)
  8152 | D:9      | Killed Rainbowgamer28's ghost
  8234 | D:9      | Reached skill level 5 in Fighting
  8527 | D:9      | Reached XP level 11. HP: 66/86 MP: 14/14
  8802 | Lair:1   | Entered Level 1 of the Lair of Beasts
  8808 | Lair:1   | Noticed Harold
  8827 | Lair:1   | Killed Harold
  8827 | Lair:1   | Reached skill level 5 in Dodging
  9123 | Lair:1   | Reached skill level 5 in Invocations
  9299 | Lair:1   | Found a dark tunnel.
  9441 | Lair:1   | Identified a scroll of acquirement
  9692 | Lair:1   | Reached ****** piety under Cheibriados
  9902 | Lair:2   | Noticed a catoblepas
  9921 | Lair:2   | Killed a catoblepas
  9954 | Lair:2   | Noticed Gastronok
  9965 | Lair:2   | Killed Gastronok
  9976 | Lair:2   | Reached XP level 12. HP: 42/100 MP: 16/16
 11381 | Lair:2   | Found a staircase to the Swamp.
 11847 | Lair:3   | Found a staircase to the Snake Pit.
 14223 | Lair:4   | Reached XP level 13. HP: 110/110 MP: 13/19
 15021 | Lair:5   | Learned a level 6 spell: Deflect Missiles
 15237 | Lair:5   | Got a pitted helmet
 15361 | Lair:5   | Noticed Kirke
 15385 | Lair:5   | Slain by a harpy

Vault maps used:
D:1:      lightli_arrival_statue_moat
D:2:      kennysheep_big_flooded_room, ecumenical_altar_1
D:3:      first_bread, nemelex_spade_bored_becter, uniq_sigmund
D:4:      kennysheep_mini, serial_shops, nicolae_shop_trees
D:6:      uniq_prince_ribbit1
D:7:      lemuel_coloured_pillars_altar, lemuel_mausoleum_altar_yredelemnul
D:9:      overflow_temple_1_default, dancing_weapons_uskayaw, lair_0_dummy,
          minmay_orc_entry_guard_dogs, enter_bailey_2, serial_shops, shop,
          david_nohive_1, st_stairs_10, uniq_psyche, uniq_grum
Temple:   regret_index_temple_mists
Lair:1:   kb_forest_paths, nicolae_volcano_entry_s_turn, minmay_holes,
          uniq_harold
Lair:2:   swamp_mist_pool, grunt_megastairs_4, uniq_gastronok
Lair:3:   minmay_snake_entry_guardpost_small, lab_entry_generic
Lair:4:   serial_bayou_lake_a, grunt_megastairs_2, serial_bayou_shore_a
Lair:5:   grunt_megastairs_3, uniq_kirke

Skill      XL: |  1  2  3  4  5  6  7  8  9 10 11 12 13 |
---------------+----------------------------------------+-----
Transmutations | 4 5 6 8 10 11 12 | 12.4
Unarmed Combat | 4 5 6 8 10 11 12 | 12.4
Dodging        | 2 3 4 6 7 |  7.8
Fighting       | 2 3 5 7 8 9 |  9.1
Invocations    | 4 6 8 9 |  9.5
Spellcasting   | 3 |  3.9

Action                   |  1- 3 |  4- 6 |  7- 9 | 10-12 | 13-15 || total
-------------------------+-------+-------+-------+-------+-------++-------
Melee: Unarmed           |   126 |   131 |   388 |   460 |   139 ||  1244
       Tailslap          |     9 |     7 |    45 |    85 |    37 ||   183
       Kick              |    12 |     6 |     3 |     4 |       ||    25
       Headbutt          |     3 |     5 |    16 |     7 |       ||    31
       Punch             |       |     1 |     8 |    26 |     6 ||    41
 Cast: Beastly Appendage |    25 |    14 |    12 |     7 |       ||    58
       Sticks to Snakes  |     5 |     2 |    26 |    37 |     9 ||    79
       Spider Form       |       |     4 |    11 |     2 |       ||    17
       Blade Hands       |       |       |    10 |    48 |    10 ||    68
Invok: Slouch            |       |       |       |     1 |     1 ||     2
 Abil: Breathe Sticky Fl |       |       |     3 |     1 |     1 ||     5
       End Transformatio |       |       |     1 |     4 |       ||     5
Evoke: Wand              |       |       |       |     3 |       ||     3
  Use: Scroll            |     1 |     2 |     7 |    19 |     4 ||    33
       Potion            |       |       |     2 |       |       ||     2
 Stab: Distracted        |     1 |       |       |     5 |       ||     6
       Sleeping          |       |     1 |     4 |     6 |       ||    11
  Eat: Chunk             |     1 |     7 |    11 |    26 |     5 ||    50
       Fruit             |       |     1 |       |     2 |       ||     3
       Meat ration       |       |       |     1 |       |       ||     1
       Pizza             |       |       |     1 |       |       ||     1
       Beef jerky        |       |       |     2 |     1 |       ||     3
Armor: Skin              |    60 |    29 |    81 |    91 |    19 ||   280
Dodge: Dodged            |   110 |    87 |   295 |   385 |   106 ||   983
